 Dungeon Crawl Stone Soup version 0.29.0-5-ge4962eb29e (webtiles) character file.

Game seed: 16258217118491743047

20 iguanaiguana the Stinger (level 2, -1/20 HPs)
             Began as a Demigod Venom Mage on Aug 30, 2022.
             Slain by a ball python (2 damage)
             ... on level 1 of the Dungeon.
             The game lasted 00:03:45 (553 turns).

iguanaiguana the Stinger (Demigod Venom Mage)        Turns: 553, Time: 00:03:46

Health: -1/20      AC:  2    Str:  9    XL:     2   Next: 42%
Magic:  1/7        EV:  9    Int: 17    God:
Gold:   77         SH:  0    Dex: 14    Spells: 4/5 levels left

rFire   . . .      SeeInvis .   d - +0 club
rCold   . . .      Faith    .   (no shield)
rNeg    . . .      Spirit   .   a - +0 robe
rPois   .          Reflect  .   (no helmet)
rElec   .          Harm     .   (no cloak)
rCorr   .          Rampage  .   (no gloves)
Will    .....                   (no boots)
Stlth   ++........              (no amulet)
HPRegen 0.06/turn               (no ring)
MPRegen 0.10/turn               (no ring)

@: constricted
A: high MP 1, forlorn, divine attributes
a: no special abilities


You were on level 1 of the Dungeon.
You visited 1 branch of the dungeon, and saw 2 of its levels.

You collected 77 gold pieces.

Inventory:

Hand Weapons
 d - a +0 club (weapon)
Missiles
 j - 3 curare-tipped darts
Armour
 a - a +0 robe (worn)
 g - a +0 leather armour
Scrolls
 c - a scroll of blinking {unknown}
 f - a scroll of immolation {unknown}
 h - a scroll of magic mapping {unknown}
Potions
 b - a potion of magic
 e - a potion of invisibility {unknown}
 i - a potion of haste {unknown}


   Skills:
 + Level 1.3 Throwing
 - Level 1.8 Dodging
 - Level 1.8 Stealth
 - Level 2.0 Spellcasting
 - Level 1.0 Transmutations
 - Level 2.8 Poison Magic


You had 4 spell levels left.
You knew the following spells:

 Your Spells              Type           Power      Damage    Failure   Level
a - Sting                 Tmut/Pois      32%        1d4       9%          1

Your spell library contained the following spells:

 Spells                   Type           Power      Damage    Failure   Level
 Poisonous Vapours        Pois/Air       12%        N/A       16%         2
 Mephitic Cloud           Conj/Pois/Air  4%         N/A       36%         3
 Olgreb's Toxic Radiance  Pois           11%        N/A       52%         4


Dungeon Overview and Level Annotations

Branches:
Dungeon (2/15) Zot: 11441


Innate Abilities, Weirdness & Mutations

You have an increased reservoir of magic. (+10% MP)
You shall have no god before yourself.
Your divine heritage dramatically boosts your attributes as you level up.


Message History

The sting hits the frilled lizard.
The frilled lizard is poisoned.
You kill the frilled lizard!
Search for what [? for help]? weapon You see here 8 gold pieces.
You now have 77 gold pieces (gained 8).
Casting: Sting (safe; 9% risk of failure)
Confirm with . or Enter, or press ? or * to list all spells.
You can't see any susceptible monsters within range! (Use Z to cast anyway.)
The ball python hisses angrily.
Casting: Sting (safe; 9% risk of failure)
Confirm with . or Enter, or press ? or * to list all spells.
Aiming: Sting (safe; 9% risk of failure)
Press: ? - help, Shift-Dir - straight line, f - ball python
Aim: a ball python (64% to hit)
The sting misses the ball python.
You hit the ball python but do no damage.
You closely miss the ball python. The ball python bites you.
The ball python grabs you. The ball python constricts you.
The ball python bites you.
* * * LOW HITPOINT WARNING * * *
The ball python constricts you.
You hit the ball python but do no damage.
The ball python bites you.
* * * LOW HITPOINT WARNING * * *
The ball python constricts you.
* * * LOW HITPOINT WARNING * * *
You hit the ball python but do no damage.
The ball python bites you.
* * * LOW HITPOINT WARNING * * *
The ball python constricts you. The ball python bites you.
* * * LOW HITPOINT WARNING * * *
The ball python constricts you.
You closely miss the ball python. Your punch misses the ball python.
The ball python bites you.
* * * LOW HITPOINT WARNING * * *
The ball python constricts you.
* * * LOW HITPOINT WARNING * * *
The ball python constricts you.
You closely miss the ball python. The ball python bites you.
You die...

#.......$ +.......
#....... #......
## #......
+.###.#.....#
#.....#.....###
#####.## #.....S@#
.......#########.#
†#.....PP..PPP...#
.#...##.P..P.....#
.#.....####.P....#
.##...~P..)###...#
.##.#P..~P.._###.#
.##......†.###...#
.####P.P⌠....#...#


You could see a ball python.

Vanquished Creatures
  A dart slug (D:1)
  3 endoplasms (D:1)
  A hobgoblin (D:1)
  2 jackals (D:2)
  A kobold (D:1)
  2 ball pythons (D:1)
  A bat (D:1)
  A frilled lizard (D:1)
  2 goblins (D:1)
  3 rats (D:1)
17 creatures vanquished.

Vanquished Creatures (others)
  A plant (D:1)
1 creature vanquished.

Grand Total: 18 creatures vanquished

Notes
Turn   | Place    | Note
-------+----------+-------------------------------------------
     0 | D:1      | iguanaiguana the Demigod Venom Mage began the quest for the
                  | Orb.
     0 | D:1      | Reached XP level 1. HP: 14/14 MP: 5/5
    94 | D:2      | Reached skill level 1 in Transmutations
   388 | D:1      | Reached XP level 2. HP: 16/20 MP: 2/7
   410 | D:1      | Reached skill level 1 in Throwing
   552 | D:1      | HP: 1/20 [constriction (1)]
   553 | D:1      | Slain by a ball python

Illustrated notes

Levels and vault maps discovered:
D:1:      co_arrival_random_square_maze, layout_basic,
          shapermc_ecumenical_altar_mp_ritualfount, lemuel_flame_loot_1
D:2:      layout_basic, minivault_24, uniq_jessica

Skill      XL: |  1  2 |
---------------+-------+-----
Transmutations | 1 |  1.0
Spellcasting   | 2 |  2.0
Throwing       | 1 |  1.3
Dodging        | |  1.8
Stealth        | |  1.8
Poison Magic   | |  2.8

Action                   || total
-------------------------++-------
Melee: Club              ||    14
 Cast: Sting             ||    32
 Stab: Sleeping          ||     1
Armor: Robe              ||     6
Dodge: Dodged            ||    22
